 Dungeon Crawl Stone Soup version 0.23.2-33-g5129a83184 (webtiles) character file.

Game seed: 16068662388941628570

210 lepoulpe303 the Skirmisher (level 5, -2/42 HPs)
             Began as a Demonspawn Monk on July 22, 2019.
             Slain by an elf zombie (6 damage)
             ... in an ossuary on July 23, 2019.
             The game lasted 00:09:57 (3877 turns).

lepoulpe303 the Skirmisher (Demonspawn Monk)        Turns: 3877, Time: 00:09:58

Health: -2/42      AC:  5    Str: 13    XL:     5   Next: 57%
Magic:  14/14      EV: 12    Int: 11    God:
Gold:   160        SH:  0    Dex: 15    Spells: 4/4 levels left

rFire    + . .     SeeInvis .   a - +0 falchion
rCold    . . .     Gourm    .   (no shield)
rNeg     . . .     Faith    .   k - +0 ring mail
rPois    .         Spirit   .   (helmet restricted)
rElec    .         Reflect  .   (no cloak)
rCorr    .         Harm     .   (no gloves)
MR       .....                  (no boots)
Stlth    ++........             (no amulet)
HPRegen  0.14/turn              W - ring of wizardry {Wiz+}
MPRegen  0.14/turn              m - ring of magical power {MP+9}

@: no status effects
A: antennae 1, fire resistance 1, powered by death 1
a: no special abilities


You were in an ossuary.
You were very hungry.

You visited 1 branch of the dungeon, and saw 4 of its levels.
You also visited: Ossuary.

You collected 160 gold pieces.

Inventory:

Hand Weapons
 a - a +0 falchion (weapon)
Missiles
 l - 43 poisoned needles
 Q - 74 stones (quivered)
Armour
 b - a +0 robe
 k - a +0 ring mail (worn)
 s - a +0 plate armour
Jewellery
 m - a ring of magical power (right hand) {MP+9}
 r - an uncursed amulet of the gourmand {unknown}
 W - a ring of wizardry (left hand) {Wiz+}
Wands
 q - a wand of enslavement (1)
Scrolls
 h - 2 scrolls of identify {unknown}
 j - 2 scrolls of teleportation {unknown}
 o - a scroll of blinking {unknown}
 w - 7 scrolls of remove curse
Potions
 c - a potion of might {unknown}
 d - 5 potions of curing {unknown}
 f - a potion of agility {unknown}
 g - 2 potions of haste {unknown}
 i - a potion of heal wounds {unknown}
 n - a potion of flight {unknown}
 p - a potion of degeneration {unknown}
Comestibles
 e - 7 rations


   Skills:
 * Level 4.2 Fighting
 * Level 3.9 Long Blades
 + Level 1.5 Armour
 + Level 3.2 Dodging
 + Level 2.6 Stealth


You had 4 spell levels left.
You didn't know any spells.
Your spell library was empty.

Dungeon Overview and Level Annotations

Branches:
Dungeon (4/15)
 Temple: D:4-7

Altars:
Ashenzari
Elyvilon
Gozag
Trog


Innate Abilities, Weirdness & Mutations

You have a pair of small antennae on your head.
Your flesh is heat resistant. (rF+)
You regenerate a little health from kills.


Message History

* * * LOW HITPOINT WARNING * * *
You take 6 damage, and have 7/42 hp.
You hit the elf zombie.
You are feeling very hungry.
The elf zombie closely misses you.
You hit the elf zombie. The elf zombie hits you.
* * * LOW HITPOINT WARNING * * *
You take 1 damage, and have 7/42 hp.
You hit the elf zombie. You slash the elf zombie!
The elf zombie completely misses you.
You riposte.
Your ring mail prevents you from hitting the elf zombie.
You barely miss the elf zombie. The elf zombie hits you.
* * * LOW HITPOINT WARNING * * *
You take 5 damage, and have 2/42 hp.
The elf zombie hits you but does no damage.
The elf zombie misses you.
You riposte.
You barely miss the elf zombie. You barely miss the elf zombie.
The elf zombie hits you but does no damage.
The elf zombie hits you.
You die...

#'# ###(###
##.....##
#.......#
##...∩...##
+...∩∩∩...+
##...∩...##
#....Z..#
##..@..##
###.### #+#


You could see an elf zombie.

Levels and vault maps discovered:
D:1:      onia_arrival_zoo_common, layout_rooms, nicolae_ashenzari_panopticon
D:2:      layout_rooms, old_standard_altar
D:3:      layout_basic, gammafunk_temple_overflow_wave, first_ration,
          st_stairs_14, trog_butcher_becter
D:4:      layout_basic, nicolae_ossuary_entry_giza
Ossuary:  ossuary_minmay_four_chambers

Notes
Turn   | Place    | Note
-------+----------+-------------------------------------------
     0 | D:1      | lepoulpe303 the Demonspawn Monk began the quest for the
                  | Orb.
     0 | D:1      | Reached XP level 1. HP: 18/18 MP: 1/1
     6 | D:1      | Noticed a basilisk
     6 | D:1      | Noticed a soldier ant
     7 | D:1      | Identified a +0 shortbow
     7 | D:1      | Noticed a centaur warrior
    45 | D:1      | Identified a cursed -2 club
    84 | D:1      | Identified a cursed -3 club
   100 | D:1      | HP: 4/18 [hobgoblin/cursed -3 club (2)]
   377 | D:1      | Gained mutation: You regenerate a little health from kills.
                  | [demonic ancestry]
   377 | D:1      | Reached XP level 2. HP: 9/24 MP: 2/2
   622 | D:1      | Reached skill level 3 in Long Blades
   673 | D:1      | Reached skill level 2 in Stealth
   768 | D:1      | Identified a +0 club
   846 | D:1      | Found a shattered altar of Ashenzari.
   899 | D:1      | Identified a +0 dagger
   923 | D:1      | lepoulpe303: !whichgod dsmo
   923 | D:1      | meem: 77 recent wins for dsmo: 15x Qazlal, 11x Okawaru, 10x
                  | Cheibriados, 10x Makhleb, 6x Nemelex Xobeh, 6x Wu Jian, 3x
                  | Trog, 3x Uskayaw, 3x Ru, 2x Ashenzari, 2x Gozag, 2x
                  | Yredelemnul, Hepliaklqana, Jiyva, Dithmenos, Kikubaaqudgha
   929 | D:1      | Reached XP level 3. HP: 27/29 MP: 3/3
  1168 | D:1      | Identified a +0 ring mail (You found it on level 1 of the
                  | Dungeon)
  1283 | D:2      | Identified a +0 club
  1381 | D:2      | Identified a +0 club
  1556 | D:2      | Identified a +0 dagger
  1566 | D:2      | Found a white marble altar of Elyvilon.
  1571 | D:2      | Gained mutation: Your flesh is heat resistant. (rF+)
                  | [demonic ancestry]
  1571 | D:2      | Reached XP level 4. HP: 34/37 MP: 4/4
  1725 | D:3      | Found an opulent altar of Gozag.
  1725 | D:3      | Found a bloodstained altar of Trog.
  1742 | D:3      | Identified a +0 club
  1761 | D:3      | Identified a +0 short sword
  1761 | D:3      | Identified a +0 ring mail
  1775 | D:3      | Reached skill level 1 in Armour
  1786 | D:3      | Identified a +0 falchion
  1787 | D:3      | Identified a +0 dagger
  1792 | D:3      | Identified a +0 club
  1792 | D:3      | Identified a +0 ring mail
  1853 | D:3      | Identified a +0 war axe
  1899 | D:3      | Identified a +0 dagger
  1899 | D:3      | Identified a +0 blowgun
  2244 | D:3      | Found a bloodstained altar of Trog.
  2244 | D:3      | Identified a +0 hand axe
  2244 | D:3      | Identified a +0 animal skin
  2248 | D:3      | Reached skill level 3 in Dodging
  2295 | D:3      | Identified 7 scrolls of remove curse
  2296 | D:3      | Identified a ring of wizardry (You found it on level 1 of
                  | the Dungeon)
  2630 | D:3      | Identified a ring of magical power (You found it on level 3
                  | of the Dungeon)
  2713 | D:3      | HP: 9/37 [poisoned by an adder]
  3258 | D:4      | Identified a +0 club
  3261 | D:4      | Identified a +0 dagger
  3261 | D:4      | Identified a +0 robe
  3269 | D:4      | Identified a +0 leather armour
  3283 | D:4      | HP: 8/37 [something (2)]
  3510 | D:4      | Reached skill level 4 in Fighting
  3510 | D:4      | Gained mutation: You have a pair of small antennae on your
                  | head. [demonic ancestry]
  3510 | D:4      | Reached XP level 5. HP: 37/42 MP: 5/5
  3635 | D:4      | Identified a +0 flail
  3657 | D:4      | Found a sand-covered staircase.
  3675 | Ossuary  | Entered an ossuary
  3858 | Ossuary  | HP: 7/42 [elf zombie (6)]
  3863 | Ossuary  | HP: 2/42 [elf zombie (5)]
  3877 | Ossuary  | Slain by an elf zombie

Table legend:
 A = Turns spent in this place as a percentage of turns spent in the entire game.
 B = Non-inter-level travel turns spent in this place as a percentage of non-inter-level travel turns spent in the entire game.
 C = Inter-level travel turns spent in this place as a percentage of turns spent in this place.
 D = Turns resting spent in this place as a percentage of non-inter-level travel turns spent in this place.
 E = Turns spent auto-exploring this place as a percentage of non-inter-level travel turns spent in this place.
 F = Non-inter-level travel turns spent in this place divided by the number of levels of this place that you've seen.
                   A       B       C       D       E      F
               +-------+-------+-------+-------+-------+----------------------
         Total | 100.0 | 100.0 |   1.7 |  32.8 |  45.7 | 762.2
       Dungeon |  94.8 |  94.7 |   1.8 |  30.7 |  48.1 | 902.2
       Ossuary |   5.2 |   5.3 |   0.0 |  70.8 |   2.5 | 202.0
               +-------+-------+-------+-------+-------+----------------------

Table legend:
 A = Kills in this place as a percentage of kills in entire the game.
 B = Kills by you in this place as a percentage of kills by you in the entire game.
 C = Kills by friends in this place as a percentage of kills by friends in the entire game.
 D = Other kills in this place as a percentage of other kills in the entire game.
 E = Experience gained in this place as a percentage of experience gained in the entire game.
 F = Experience gained in this place divided by the number of levels of this place that you have seen.
                   A       B       C       D       E      F
               +-------+-------+-------+-------+-------+----------------------
         Total | 100.0 | 100.0 | 100.0 |   N/A | 100.0 |  60.2
       Dungeon | 100.0 | 100.0 | 100.0 |   N/A | 100.0 |  75.2
               +-------+-------+-------+-------+-------+----------------------

Skill      XL: |  1  2  3  4 |
---------------+-------------+-----
Long Blades    | 3 |  3.9
Stealth        | 2 |  2.6
Armour         | 1 |  1.5
Dodging        | 3 |  3.2
Fighting       | 4 |  4.2

Action                   |  1- 3 |  4- 6 || total
-------------------------+-------+-------++-------
Melee: Falchion          |   177 |   157 ||   334
Throw: Stone             |    47 |    44 ||    91
Evoke: Wand              |       |     3 ||     3
  Use: Scroll            |       |     1 ||     1
 Stab: Sleeping          |     2 |     1 ||     3
  Eat: Chunk             |     3 |     6 ||     9
Armor: Robe              |    35 |       ||    35
       Ring mail         |    23 |    35 ||    58
Dodge: Dodged            |   143 |    99 ||   242
       Rpst.: Falchion   |    37 |    35 ||    72

Vanquished Creatures
  A hound (D:4)
  An orc wizard (D:4)
  A worker ant (D:4)
  A mummy (D:4)
  An adder (D:3)
  An ooze (D:2)
  A worm (D:3)
  3 dart slugs
  2 leopard geckos
  9 orcs
  2 bats (D:1)
  2 giant cockroaches
  4 goblins
  8 hobgoblins
  17 jackals
  2 quokkas (D:2)
  2 ball pythons (D:1)
  6 frilled lizards
  5 kobolds
  2 orc zombies (D:4)
  7 rats
78 creatures vanquished.

Vanquished Creatures (collateral kills)
  An orc (D:4)
1 creature vanquished.

Grand Total: 79 creatures vanquished
